 Dungeon Crawl Stone Soup version 0.19.0-9-gfd783f2 (webtiles) character file.

186 syranez the Chopper (level 5, -4/47 HPs)
             Began as a Hill Orc Berserker on Nov 7, 2016.
             Was a Priest of Trog.
             Slain by Chiseanne's ghost (8 damage)
             ... on level 3 of the Dungeon.
             The game lasted 00:04:38 (2299 turns).

syranez the Chopper (Hill Orc Berserker)            Turns: 2299, Time: 00:04:39

Health: -4/47      AC:  6    Str: 21    XL:     5   Next: 65%
Magic:  5/5        EV:  9    Int:  7    God:    Trog [***...]
Gold:   132        SH:  0    Dex: 10    Spells: 0 memorised, 4 levels left

rFire  . . .     SeeInvis .     a - +0 hand axe
rCold  . . .     Gourm    .     j - +0 scale mail
rNeg   . . .     Faith    .     (no shield)
rPois  .         Spirit   .     (no helmet)
rElec  .         Reflect  .     (no cloak)
rCorr  .         Harm     .     (no gloves)
MR     .....                    (no boots)
Stlth  ..........               (no amulet)
                                (no ring)
                                (no ring)

@: exhausted, slowed, very heavily drained, very slow
A: no striking features
a: Berserk, Trog's Hand, Burn Spellbooks, Renounce Religion


You were on level 3 of the Dungeon.
You worshipped Trog.
Trog was most pleased with you.
You were very hungry.

You visited 1 branch of the dungeon, and saw 3 of its levels.

You collected 132 gold pieces.

Inventory:

Hand Weapons
 a - a +0 hand axe (weapon)
Armour
 j - a +0 scale mail (worn)
Scrolls
 e - 6 scrolls of identify {unknown}
 f - 5 scrolls of remove curse {unknown}
 i - 2 scrolls of enchant weapon {unknown}
 k - a scroll of magic mapping {unknown}
 l - a scroll of random uselessness {unknown}
 m - a scroll of enchant armour {unknown}
 n - 2 scrolls of teleportation {unknown}
 r - a scroll of amnesia {unknown}
Potions
 g - a potion of agility {unknown}
 h - a potion of ambrosia {unknown}
 o - a potion of degeneration {unknown}
 q - a potion of might {unknown}
 s - a potion of berserk rage {unknown}
Comestibles
 b - 9 chunks of flesh
 c - 5 bread rations
 d - 2 slices of pizza
 p - 4 fruits


   Skills:
 + Level 4.9(1.1) Fighting
 + Level 6.0(2.1) Axes
 + Level 3.1(0.0) Armour
 + Level 2.2(0.0) Dodging


You had 4 spell levels left.
You didn't know any spells.

Dungeon Overview and Level Annotations

Branches:
Dungeon (3/15)

Altars:
Gozag
Makhleb

Annotations:
D:3 Chiseanne's ghost, amateur HEAr


Message History

Chiseanne's ghost is almost destroyed.
Chiseanne's ghost hits you.
* * * LOW HITPOINT WARNING * * *
You feel drained.
* * * LOW HITPOINT WARNING * * *
Chiseanne's ghost shrieks, "You must not succeed where I failed!"
Chiseanne's ghost hits you but does no damage.
You feel drained. Chiseanne's ghost barely misses you.
Chiseanne's ghost hits you.
* * * LOW HITPOINT WARNING * * *
You feel drained.
* * * LOW HITPOINT WARNING * * *
Chiseanne's ghost hits you.
* * * LOW HITPOINT WARNING * * *
You feel drained.
You hit Chiseanne's ghost.
Chiseanne's ghost is almost destroyed.
Chiseanne's ghost hits you!
You die...

#.# # #.# # #.#
##.## #
.#######...###
#
..............
'###.
########...###
......#########
##.## #
......)..ooW@.#
#.####
#############.#
#.)... #.#
#.#### #.# #)#
#.# #.# #.# #.#
#.##########.#
#............#
##############


You could see Chiseanne's ghost and 2 orcs.

Vanquished Creatures
  A bullfrog (D:2)
  An orc wizard (D:3)
  A gnoll (D:1)
  An adder (D:2)
  2 oozes
  2 dart slugs
  A leopard gecko (D:1)
  7 orcs (D:3)
  5 giant cockroaches
  11 goblins
  4 hobgoblins
  6 kobolds
  2 quokkas
  5 bats
  5 frilled lizards
  6 rats
60 creatures vanquished.

Notes
Turn   | Place    | Note
-------+----------+-------------------------------------------
     0 | D:1      | syranez the Hill Orc Berserker began the quest for the Orb.
     0 | D:1      | Reached XP level 1. HP: 19/19 MP: 1/1
   270 | D:1      | Reached XP level 2. HP: 23/27 MP: 2/2
   851 | D:1      | Reached XP level 3. HP: 30/33 MP: 3/3
  1104 | D:2      | Reached ** piety under Trog
  1118 | D:2      | Found a burning altar of Makhleb.
  1118 | D:2      | Noticed a balrug
  1406 | D:2      | Reached XP level 4. HP: 41/41 MP: 4/4
  1409 | D:2      | Reached skill level 5 in Axes
  1677 | D:2      | Noticed a bullfrog
  1685 | D:2      | Killed a bullfrog
  1685 | D:2      | Reached XP level 5. HP: 47/47 MP: 5/5
  2002 | D:3      | Found an opulent altar of Gozag.
  2168 | D:3      | Reached *** piety under Trog
  2168 | D:3      | Reached skill level 6 in Axes
  2269 | D:3      | Noticed Chiseanne's ghost (amateur HEAr)
  2299 | D:3      | Slain by Chiseanne's ghost

Skill      XL: |  1  2  3  4  5 |
---------------+----------------+-----
Fighting       | 4 |  4.9
Dodging        | 2 |  2.2
Axes           | 5 6 |  6.0
Armour         | 3 |  3.1

Action                   |  1- 3 |  4- 6 || total
-------------------------+-------+-------++-------
Melee: Hand axe          |    99 |   108 ||   207
Invok: Berserk           |     1 |     2 ||     3
 Stab: Sleeping          |     1 |       ||     1
  Eat: Chunk             |     1 |       ||     1
       Meat ration       |       |     1 ||     1
Armor: Animal skin       |     8 |       ||     8
       Scale mail        |    32 |    38 ||    70
Dodge: Dodged            |    54 |    47 ||   101
